 Dungeon Crawl Stone Soup version 0.30-a0-43-gbbf338a72c (webtiles) character file.

Game seed: 13514419900717782459

107 LnG the Covered (level 4, -2/40 HPs)
             Began as a Minotaur Fighter on Aug 31, 2022.
             Killed from afar by an orc wizard (5 damage)
             ... with a puff of flame
             ... on level 2 of the Dungeon on Sept 1, 2022.
             The game lasted 00:05:30 (447 turns).

LnG the Covered (Minotaur Fighter)                   Turns: 447, Time: 00:05:31

Health: -2/40      AC:  7    Str: 22    XL:     4   Next: 57%
Magic:  3/3        EV:  9    Int:  5    God:
Gold:   37         SH:  4    Dex: 10    Spells: 3/3 levels left

rFire   . . .      SeeInvis .    a - +1 war axe
rCold   . . .      Faith    .    c - +0 buckler
rNeg    . . .      Spirit   .    b - +0 scale mail
rPois   .          Reflect  .    (helmet restricted)
rElec   .          Harm     .    (no cloak)
rCorr   .          Rampage  .    (no gloves)
Will    .....                    (no boots)
Stlth   ..........               (no amulet)
HPRegen 0.13/turn                (no ring)
MPRegen 0.08/turn                (no ring)

@: brilliant
A: horns 2, retaliatory headbutt
a: no special abilities


You were on level 2 of the Dungeon.
You visited 1 branch of the dungeon, and saw 2 of its levels.

You collected 37 gold pieces.

Inventory:

Hand Weapons
 a - a +1 war axe (weapon)
Armour
 b - a +0 scale mail (worn)
 c - a +0 buckler (worn)
Scrolls
 f - a scroll of brand weapon
Potions
 d - a potion of might
 h - a potion of brilliance


   Skills:
 + Level 4.0 Fighting
 + Level 3.9 Axes
 + Level 4.9 Armour
 + Level 0.2 Dodging
 + Level 4.2 Shields


You had 3 spell levels left.
You didn't know any spells.
Your spell library was empty.

Dungeon Overview and Level Annotations

Branches:
Dungeon (1/15)

Altars:
Hepliaklqana


Innate Abilities, Weirdness & Mutations

You have a pair of horns on your head.
You reflexively headbutt those who attack you in melee.


Message History

You kill the orc!
You hear some strange, mumbled words.
Something tries to affect you, but you resist.
Things that are here:
a +0 club; a +0 leather armour A magic dart appears from out of thin air!
The magic dart hits you.
* * * LOW HITPOINT WARNING * * *
An orc wizard appears from thin air!
Reactivating autopickup.
The orc wizard gestures at you while chanting.
The puff of flame hits you.
* * * LOW HITPOINT WARNING * * *
The orc wizard points at you and mumbles some strange words.
You are confused.
You are too injured to fight recklessly!
You are too injured to fight recklessly!
The orc wizard casts a spell.
The orc wizard flickers and vanishes!
Deactivating autopickup; reactivate with Ctrl-A.
You're too confused to move!
Something hits you but does no damage.
You bump into the rock wall.
Something hits you.
* * * LOW HITPOINT WARNING * * *
Something hits you.
* * * LOW HITPOINT WARNING * * *
You feel less confused.
You hear some strange, mumbled words.
Something tries to affect you, but you resist.
It was a potion of brilliance.
You feel clever all of a sudden.
As you read the scroll labelled COTTU YPLYM, it crumbles to dust.
It is a scroll of identify.
f - a scroll of brand weapon Something hits you but does no damage.
As you read the scroll labelled EMIPEO FIHIA, it crumbles to dust.
You feel aware of your surroundings.
It was a scroll of magic mapping.
You hear some strange, mumbled words.
A puff of flame appears from out of thin air!
The puff of flame hits you.
You die...

* #.....#......# ###### *
#.....#.._...# ###....### ***
#<....#......####.....#..## ,,*
#.....#.............#...#.. *,*
#.......#)##.##<..#...#...# *,*
#######.#.##.#..#...#...#.. ,,*
########.#.#...#...#...#...# ,,*
#........#.#.#...#...#...#..
,,*###.#####..#.@...#...#...#...#
,,,......###..#.{.#...#...#...#..
,*,**#...).....##...#...#...#...#
,,,......)#...###.#...#...#...#..
**,###.#.^......)...#...#...#...#
*,**#.......####.#...#†..#...#..
*,,........## #...#...#...#...#
***#####.### #.#...#...#...#..
*#.** #...#...#...#...#


There were no monsters in sight!

Vanquished Creatures
  Jessica (D:2)
  An orc wizard (D:2)
  2 adders (D:2)
  3 dart slugs
  2 orcs (D:2)
  5 endoplasms
  A giant cockroach (D:2)
  3 goblins
  A hobgoblin (D:1)
  4 kobolds
  2 quokkas
  2 ball pythons (D:1)
  A frilled lizard (D:2)
  2 rats
30 creatures vanquished.

Notes
Turn   | Place    | Note
-------+----------+-------------------------------------------
     0 | D:1      | LnG the Minotaur Fighter began the quest for the Orb.
     0 | D:1      | Reached XP level 1. HP: 19/19 MP: 0/0
    42 | D:1      | Reached XP level 2. HP: 17/27 MP: 1/1
   168 | D:1      | You fall into a shaft and drop 1 floor!
   263 | D:2      | Reached XP level 3. HP: 32/33 MP: 2/2
   393 | D:2      | Found a hazy altar of Hepliaklqana.
   399 | D:2      | Noticed Jessica
   400 | D:2      | Killed Jessica
   401 | D:2      | Reached XP level 4. HP: 40/40 MP: 3/3
   444 | D:2      | HP: 2/40 [something (1)]
   447 | D:2      | Killed from afar by an orc wizard

Illustrated notes

Levels and vault maps discovered:
D:1:      dpeg_arrival_rooms_a, layout_rooms
D:2:      layout_loops_cross, basic_altar, hex_large, uniq_jessica, uniq_terence

Skill      XL: |  1  2  3 |
---------------+----------+-----
Armour         | 4 |  4.9
Axes           | 3 |  3.9
Shields        | 4 |  4.2
Fighting       | 4 |  4.0
Dodging        | |  0.2

Action                   |  1- 3 |  4- 6 || total
-------------------------+-------+-------++-------
Melee: War axe           |    43 |     9 ||    52
       Headbutt          |     4 |     1 ||     5
  Use: Scroll            |     1 |     2 ||     3
       Potion            |       |     1 ||     1
Armor: Scale mail        |    19 |     6 ||    25
Dodge: Dodged            |    18 |     4 ||    22
Block: Buckler           |    13 |       ||    13

Table legend: (Time is in decaauts)
 A = Elapsed time spent in this place.
 B = Non-inter-level travel time spent in this place.
 C = Inter-level travel time spent in this place.
 D = Time resting spent in this place.
 E = Time spent auto-exploring this place.
 F = Levels seen in this place.
 G = Mean time per level.
                   A        B        C        D        E       F      G
               +--------+--------+--------+--------+--------+-----+--------+
         Total |    467 |    467 |      0 |    140 |    103 |   2 |  233.5 |
       Dungeon |    467 |    467 |      0 |    140 |    103 |   2 |  233.5 |
               +--------+--------+--------+--------+--------+-----+--------+

Top non-repeatable levels by time:
     D:2: 292 daAuts
     D:1: 175 daAuts
